 Dungeon Crawl Stone Soup version 0.20.0-8-g6b59dc7 (webtiles) character file.

22043 grindst0ne the Fighter (level 12, -2/80 HPs)
             Began as a Gargoyle Fighter on May 31, 2017.
             Was the Champion of Okawaru.
             Slain by a shadow wraith (10 damage)
             ... on level 2 of the Abyss.
             The game lasted 00:38:16 (13879 turns).

grindst0ne the Fighter (Gargoyle Fighter)          Turns: 13879, Time: 00:38:17

Health: -2/80      AC: 29    Str: 21    XL:     12   Next: 96%
Magic:  19/19      EV: 12    Int: 13    God:    Okawaru [******]
Gold:   510        SH:  2    Dex: 10    Spells: 11/11 levels left

rFire    . . .     SeeInvis .   F - +10 executioner's axe of the Establishment {flame, rC+}
rCold    + + .     Gourm    .   (shield currently unavailable)
rNeg     + . .     Faith    .   E - +0 plate armour
rPois    ∞         Spirit   .   (no helmet)
rElec    +         Reflect  +   P - +0 cloak
rCorr    .         Harm     .   (no gloves)
MR       .....                  (no boots)
Stlth    ..........             H - +2 amulet of reflection
Regen    0.3/turn               J - ring of the Catfish {Ice rElec rPois Int+4 Dex-3}
MPRegen  0.2/turn               K - ring of protection from fire

@: berserk cooldown, slowed, very slow
A: hooves 1, repulsion field 1, slimy green scales 1, yellow scales 1, [blurry
vision 2], high mp 1, negative energy resistance 1, sense surroundings 1, shaggy
fur 1, electricity resistance, unbreathing, evolution 1, petrification
resistance, rot immunity, AC +8
a: Heroism, Finesse, Renounce Religion


You were on level 2 of the Abyss.
You worshipped Okawaru.
Okawaru was exalted by your worship.
You were hungry.

You visited 2 branches of the dungeon, and saw 12 of its levels.
You visited the Abyss 1 time.
You also visited: Ossuary.

You collected 510 gold pieces.

Inventory:

Hand Weapons
 F - the +10 executioner's axe of the Establishment (weapon) {flame, rC+}
   (Okawaru gifted it to you on level 11 of the Dungeon)

   It has been specially enchanted to burn those struck by it, causing extra
   injury to most foes and up to half again as much damage against particularly
   susceptible opponents.
   Big, fiery blades are also staple armaments of hydra-hunters.
   It protects you from cold.
Armour
 v - a scarf of resistance
 E - a +0 plate armour (worn)
 P - a +0 cloak (worn)
Jewellery
 H - a +2 amulet of reflection (around neck)
 J - the ring of the Catfish (left hand) {Ice rElec rPois Int+4 Dex-3}
   (You found it on level 6 of the Dungeon)

   [ring of ice]

   It enhances your ice magic.
   It affects your intelligence (+4).
   It affects your dexterity (-3).
   It makes you vulnerable to fire.
   It protects you from cold.
   It insulates you from electricity.
   It protects you from poison.
 K - a ring of protection from fire (right hand)
Wands
 o - a wand of polymorph (3/24)
 y - a wand of lightning (0/15)
Scrolls
 h - 2 scrolls of amnesia
 l - 8 scrolls of teleportation
 n - a scroll of fog
 q - 6 scrolls of remove curse
 G - 2 scrolls of magic mapping
 L - 3 scrolls of identify
Potions
 b - a potion of mutation
 d - 2 potions of might
 e - 4 potions of flight
 j - 3 potions of haste
 k - 6 potions of curing
 r - 2 potions of agility
 x - 2 potions of degeneration
 z - 4 potions of heal wounds
 B - a potion of ambrosia
 D - a potion of resistance {unknown}
 I - a potion of berserk rage {unknown}
Books
 a - a book of Party Tricks

   Spells                             Type                      Level
   a - Summon Butterflies             Summoning                    1
   b - Apportation                    Translocation                1
   c - Lesser Beckoning               Translocation                3
   d - Tukima's Dance                 Hexes                        3
   e - Alistair's Intoxication        Transmutation/Poison         5
   f - Invisibility                   Hexes                        6
 C - a book of Changes

   Spells                             Type                      Level
   a - Beastly Appendage              Transmutation                1
   b - Sticks to Snakes               Transmutation                2
   c - Spider Form                    Transmutation/Poison         3
   d - Ice Form                       Ice/Transmutation            4
   e - Blade Hands                    Transmutation                5
 O - a book of Misfortune

   Spells                             Type                      Level
   a - Confusing Touch                Hexes                        1
   b - Confuse                        Hexes                        3
   c - Gell's Gravitas                Translocation                3
   d - Petrify                        Transmutation/Earth          4
   e - Metabolic Englaciation         Hexes/Ice                    5
   f - Yara's Violent Unravelling     Hexes/Transmutation          5
 Q - a book of Maledictions

   Spells                             Type                      Level
   a - Corona                         Hexes                        1
   b - Ensorcelled Hibernation        Hexes/Ice                    2
   c - Confuse                        Hexes                        3
   d - Tukima's Dance                 Hexes                        3
   e - Dazzling Spray                 Conjuration/Hexes            3
Comestibles
 f - 2 bread rations
 m - 12 fruits
 s - 6 royal jellies
 w - 4 meat rations


   Skills:
 - Level 11.3 Fighting
 + Level 9.7 Axes
 - Level 10.2 Armour
 - Level 9.0 Dodging
   Level 3.2 Shields
 - Level 7.0 Evocations


You had 11 spell levels left.
You didn't know any spells.

Dungeon Overview and Level Annotations

Branches:
Dungeon (11/15)            Temple (1/1) D:6            Lair (0/6) D:9
    Orc (0/2) D:9

Altars:
Ashenzari
Cheibriados
Dithmenos
Elyvilon
Fedhas
Gozag
Hepliaklqana
Kikubaaqudgha
Makhleb
Nemelex Xobeh
Okawaru
Qazlal
Ru
Sif Muna
Trog
Uskayaw
Vehumet
Xom
Yredelemnul
Zin
The Shining One


Innate Abilities, Weirdness & Mutations

You are resistant to torment.
Your stone body is resilient. (AC +8)
You are immune to poison.
You resist negative energy. (rN+)
You are resistant to electric shocks. (rElec)
You can survive without breathing.
You are immune to petrification.
You are immune to rotting.
You have large cloven feet.
You are surrounded by a mild repulsion field. (EV +2)
You are partially covered in slimy green scales. (AC +2)
You are partially covered in yellow scales. (AC +2)
You have an increased reservoir of magic. (+10% MP)
You passively map a small area around you.
You are covered in fur. (AC +1)
You evolve.
[Scrolls take you longer to read.]


Message History

Something hits you! Something drains your vigour!
You feel as though you will be slow longer.
You barely miss something.
An Executioner comes into view.
The Executioner gestures.
The Executioner seems to speed up.
Something hits you!
* * * LOW HITPOINT WARNING * * *
Something drains your vigour!
You feel as though you will be slow longer.
Something hits you but does no damage. Something hits you!
* * * LOW HITPOINT WARNING * * *
Something drains your vigour!
You feel as though you will be slow longer.
An Executioner comes into view.
An ufetubus comes into view.
The ufetubus shouts!
You hear an angry squeal.
The ufetubus barely misses you.
The ufetubus hits you but does no damage.
The ufetubus misses you. The ufetubus barely misses you. Something hits you!
You die...

. . .. ###
.K .
...#####..
#E #. ..
.....#..
.# # .
.#...##
... ... .
#.....
?..# #.#.#
.4 # # #
#.#§3.##Z
.
..#.3###5#
. .#
#.#@.#
#.###.#.#
# # #..
#.##..#
.... ##
#... #....
.#.#
#.#.##
###.. #
##### #.#
##


You could see an ufetubus.

Vanquished Creatures
  A green death (Abyss:2)
  A hydra (D:11)
  Erolcha (D:10)
  Erica (D:7)
  A two-headed ogre (D:11)
  A wretched star (Abyss:2)
  4 large abominations (Abyss:2)
  3 wizards (D:11)
  2 unseen horrors (D:10)
  The ghost of pichaelthompson the Cudgeler, a novice DsBe of Trog (D:6)
  2 ugly things
  A deep elf mage (D:9)
  A worldbinder (Abyss:2)
  2 centaur zombies
  Joseph (D:7)
  Psyche (D:10)
  A smoke demon (Abyss:2)
  A centaur skeleton (D:11)
  A queen bee (D:7)
  A hornet (D:11)
  3 hippogriffs
  A dire elephant simulacrum (Abyss:2)
  A shadow (D:11)
  A wraith (D:9)
  A chaos spawn (Abyss:2)
  Grum (D:8)
  12 yaks
  4 hungry ghosts
  An acid dragon (D:9)
  A floating eye (D:9)
  2 water moccasins
  4 orc warriors
  2 sky beasts
  A black bear (D:8)
  3 necrophages
  3 ice beasts
  7 ogres
  6 phantoms
  6 centaurs
  2 wolves (D:8)
  2 crocodiles (D:9)
  A big kobold (D:8)
  4 bullfrogs
  4 scorpions
  4 wights
  17 killer bees
  9 howler monkeys
  5 crimson imps
  A quasit (D:9)
  7 orc priests
  2 bullfrog zombies
  7 hounds
  2 jellies
  A bullfrog skeleton (D:6)
  Ijyb (D:3)
  3 iguanas
  3 orc wizards
  5 worker ants
  7 big kobold zombies (Ossuary)
  2 hound skeletons
  A mummy (Ossuary)
  3 worker ant zombies
  13 adders
  A shadow imp (D:6)
  2 oozes
  An adder zombie (D:5)
  A worm (D:4)
  2 dart slugs
  5 leopard geckos
  50 orcs
  7 spectral bats (Ossuary)
  2 ball pythons
  3 bats
  6 giant cockroaches
  3 goblins
  8 hobgoblins
  20 jackals
  13 kobolds
  8 quokkas
  2 bat simulacra (Ossuary)
  7 frilled lizards
  5 gnoll zombies (Ossuary)
  3 goblin simulacra (Ossuary)
  3 goblin zombies (Ossuary)
  4 hobgoblin zombies (Ossuary)
  A kobold simulacrum (Ossuary)
  3 kobold zombies (Ossuary)
  7 orc zombies (Ossuary)
  A quokka zombie (D:7)
  7 rats
  A rat simulacrum (Ossuary)
  2 spectral goblins (Ossuary)
  2 spectral kobolds (Ossuary)
  3 spectral rats (Ossuary)
377 creatures vanquished.

Vanquished Creatures (others)
  A kobold zombie (Ossuary)
1 creature vanquished.

Grand Total: 378 creatures vanquished

Notes
Turn   | Place    | Note
-------+----------+-------------------------------------------
     0 | D:1      | grindst0ne the Gargoyle Fighter began the quest for the Orb.
     0 | D:1      | Reached XP level 1. HP: 14/14 MP: 1/1
   172 | D:1      | Reached XP level 2. HP: 19/20 MP: 2/2
   418 | D:1      | Reached skill level 4 in Fighting
   583 | D:1      | Reached XP level 3. HP: 22/24 MP: 3/3
   853 | D:2      | Found an opulent altar of Gozag.
   941 | D:2      | Reached skill level 5 in Fighting
  1049 | D:2      | Reached XP level 4. HP: 31/31 MP: 4/4
  1536 | D:3      | Reached skill level 6 in Fighting
  1536 | D:3      | Reached XP level 5. HP: 7/36 MP: 5/5
  1904 | D:3      | Noticed Ijyb
  1914 | D:3      | Killed Ijyb
  2771 | D:4      | Reached skill level 7 in Fighting
  2776 | D:4      | Reached XP level 6. HP: 7/44 MP: 6/6
  2934 | D:4      | Noticed a phantom
  2956 | D:4      | Killed a phantom
  2956 | D:4      | Reached skill level 5 in Armour
  2956 | D:4      | Reached XP level 7. HP: 30/48 MP: 7/7
  2963 | D:4      | Found a stormy altar of Qazlal.
  3070 | D:4      | Found a sand-covered staircase.
  3075 | Ossuary  | Entered an ossuary
  3613 | D:4      | Gained mutation: You evolve. [potion of mutation]
  3613 | D:4      | Gained mutation: You have large cloven feet. [potion of mutation]
  3613 | D:4      | Gained mutation: You are covered in fur. (AC +1) [potion of mutation]
  4403 | D:5      | Entered Level 5 of the Dungeon
  4577 | D:5      | Gained mutation: You have an increased reservoir of magic. (+10% MP) [evolution]
  4653 | D:5      | Reached XP level 8. HP: 43/53 MP: 8/8
  5182 | D:6      | Noticed pichaelthompson's ghost (novice DsBe)
  5245 | D:6      | Killed pichaelthompson's ghost
  5392 | D:6      | Reached skill level 10 in Armour
  5637 | D:6      | Gained mutation: You are partially covered in yellow scales. (AC +2) [evolution]
  5734 | D:6      | Reached skill level 1 in Evocations
  5795 | D:6      | Found a staircase to the Ecumenical Temple.
  5860 | D:6      | Reached XP level 9. HP: 45/57 MP: 10/12
  5900 | Temple   | Entered the Ecumenical Temple
  6007 | Temple   | Became a worshipper of Warmaster Okawaru
  6447 | D:6      | Found a deep blue altar of Sif Muna.
  6471 | D:6      | Got a twitching turquoise ring
  7010 | D:7      | Reached skill level 5 in Evocations
  7136 | D:7      | Noticed Joseph
  7401 | D:6      | Identified the ring of the Catfish {Ice rElec rPois Int+4 Dex-3} (You found it on level 6 of the Dungeon)
  7424 | D:7      | Killed Joseph
  7424 | D:7      | Reached * piety under Okawaru
  7597 | D:7      | Found a glowing golden altar of the Shining One.
  7761 | D:8      | Noticed a queen bee
  7777 | D:7      | Reached skill level 5 in Axes
  8253 | D:8      | Noticed Erica
  8264 | D:7      | Killed a queen bee
  8264 | D:7      | Reached XP level 10. HP: 48/63 MP: 13/15
  8414 | D:7      | Killed Erica
  8414 | D:7      | Reached ** piety under Okawaru
  8543 | D:7      | Gained mutation: You are surrounded by a mild repulsion field. (EV +2) [evolution]
  8740 | D:8      | Found a shattered altar of Ashenzari.
  8751 | D:8      | Noticed Grum
  8760 | D:8      | Killed Grum
  8867 | D:8      | Found a burning altar of Makhleb.
  9288 | D:8      | Reached *** piety under Okawaru
  9431 | D:8      | Found a shadowy altar of Dithmenos.
  9618 | D:9      | Reached skill level 1 in Dodging
  9740 | D:10     | Entered Level 10 of the Dungeon
 10074 | D:9      | Reached XP level 11. HP: 51/67 MP: 17/17
 10411 | D:10     | Noticed Psyche
 10456 | D:10     | Killed Psyche
 10456 | D:10     | Reached **** piety under Okawaru
 10456 | D:10     | Reached skill level 5 in Dodging
 10462 | D:10     | Gained mutation: You passively map a small area around you. [evolution]
 10486 | D:10     | Noticed Erolcha
 10773 | D:9      | Found a staircase to the Orcish Mines.
 10824 | D:9      | Noticed a deep elf mage
 10828 | D:9      | Killed a deep elf mage
 10850 | D:9      | Found a shimmering altar of Xom.
 10924 | D:9      | Noticed a two-headed ogre
 10928 | D:9      | a two-headed ogre changed into a floating eye
 10930 | D:9      | Paralysed by a floating eye for 2 turns
 10945 | D:9      | Found a staircase to the Lair.
 10991 | D:9      | Noticed a green ugly thing
 10997 | D:9      | Killed a green ugly thing
 10997 | D:9      | Reached ***** piety under Okawaru
 11026 | D:9      | Gained mutation: You are partially covered in slimy green scales. (AC +2) [evolution]
 11835 | D:10     | Killed an unseen horror
 11839 | D:10     | Killed an unseen horror
 12078 | D:10     | Killed Erolcha
 12117 | D:10     | Reached XP level 12. HP: 72/72 MP: 19/19
 12445 | D:11     | Paralysed by a wizard for 4 turns
 12459 | D:11     | Paralysed by a wizard for 2 turns
 12490 | D:11     | Received a gift from Okawaru
 12490 | D:11     | Reached skill level 8 in Fighting
 12493 | D:11     | Got a twisted executioner's axe {god gift}
 12494 | D:11     | Identified the +10 executioner's axe of the Establishment {flame, rC+} (Okawaru gifted it to you on level 11 of the Dungeon)
 12696 | D:11     | Reached skill level 9 in Fighting
 13081 | D:11     | Reached skill level 10 in Fighting
 13330 | D:11     | Noticed a four-headed hydra
 13337 | D:11     | Killed a one-headed hydra
 13526 | D:11     | Noticed a two-headed ogre
 13536 | D:11     | Killed a two-headed ogre
 13536 | D:11     | Reached skill level 11 in Fighting
 13609 | D:11     | Cast into level 2 of the Abyss (a wizard)
 13638 | Abyss:2  | Noticed a green death
 13653 | Abyss:2  | Killed a green death
 13653 | Abyss:2  | Reached ****** piety under Okawaru
 13653 | Abyss:2  | Received a gift from Okawaru
 13679 | Abyss:2  | Noticed a wretched star
 13693 | Abyss:2  | Killed a wretched star
 13878 | Abyss:2  | Noticed an Executioner
 13879 | Abyss:2  | Slain by a shadow wraith

Skill      XL: |  1  2  3  4  5  6  7  8  9 10 11 12 |
---------------+-------------------------------------+-----
Fighting       | 4 5 6 7 11 | 11.3
Armour         | 5 8 10 | 10.2
Evocations     | 3 5 7 |  7.0
Axes           | 6 8 9 |  9.7
Dodging        | 3 9 |  9.0
Shields        | |  3.2

Action                   |  1- 3 |  4- 6 |  7- 9 | 10-12 || total
-------------------------+-------+-------+-------+-------++-------
Melee: War axe           |    97 |   162 |   495 |       ||   754
       Unarmed           |       |     5 |       |       ||     5
       Kick              |       |       |    93 |   127 ||   220
       Battleaxe         |       |       |    69 |   435 ||   504
       Executioner's axe |       |       |       |   142 ||   142
Invok: Heroism           |       |       |     1 |     3 ||     4
Evoke: Wand              |       |       |       |     3 ||     3
  Use: Scroll            |       |     7 |    13 |       ||    20
       Potion            |       |     4 |     2 |     4 ||    10
  Eat: Chunk             |     1 |     5 |    16 |    14 ||    36
       Bread ration      |       |       |     1 |     4 ||     5
       Fruit             |       |       |       |     4 ||     4
       Royal jelly       |       |       |       |     1 ||     1
Armor: Scale mail        |    52 |    52 |       |       ||   104
       Chain mail        |       |    53 |   453 |    87 ||   593
       Skin              |       |       |    28 |       ||    28
       Plate armour      |       |       |       |   489 ||   489
Dodge: Dodged            |    35 |    46 |   259 |   384 ||   724
Block: Shield            |    47 |    67 |       |       ||   114
       Buckler           |       |    14 |   204 |       ||   218
       Other             |       |       |    10 |    56 ||    66
       Reflection        |       |       |     2 |     1 ||     3
